 Dungeon Crawl Stone Soup version 0.22-a0-368-g870eee8 (webtiles) character file.

2879 tilp the Frost Mage (level 9, -7/64 HPs)
             Began as a Merfolk Ice Elementalist on Apr 23, 2018.
             Was an Initiate of Makhleb.
             Engulfed by a cloud of flame (20 damage)
             ... on level 8 of the Dungeon.
             The game lasted 00:29:58 (9563 turns).

tilp the Frost Mage (Merfolk Ice Elementalist)      Turns: 9563, Time: 00:29:58

Health: -7/64      AC:  9    Str: 11    XL:     9   Next: 76%
Magic:  12/12      EV: 15    Int: 18    God:    Makhleb [......]
Gold:   285        SH: 11    Dex: 14    Spells: 6/12 levels left

rFire    . . .     SeeInvis .   k - -2 hand axe (curse)
rCold    + . .     Gourm    .   I - +2 buckler
rNeg     + + +     Faith    .   l - +2 robe {rC+ rF+}
rPois    .         Spirit   .   w - +2 hat "Anororchowk" {rF- rN+++ Regen+}
rElec    .         Reflect  +   j - +0 cloak
rCorr    .         Harm     .   P - +1 pair of gloves {Str+3}
MR       .....                  (no boots)
Stlth    ++........             i - +4 amulet of reflection
HPRegen  0.60/turn              (no ring)
MPRegen  0.13/turn              (no ring)

@: no status effects
A: change form in water, swift swim, stealthy swim
a: Renounce Religion


You were on level 8 of the Dungeon.
You worshipped Makhleb.
Makhleb was noncommittal.
You were not hungry.

You visited 2 branches of the dungeon, and saw 9 of its levels.

You collected 475 gold pieces.
You spent 190 gold pieces at shops.

Inventory:

Hand Weapons
 b - a +0 dagger
 k - a cursed -2 hand axe (weapon)
 m - a +0 morningstar
 p - a +0 hunting sling of velocity
 r - a +1 short sword of venom
 N - a +0 halberd
 O - a +1 whip of flaming
 R - a +3 dagger
Missiles
 a - 113 sling bullets
 f - 184 stones (quivered)
Armour
 j - a +0 cloak (worn)
 l - a +2 robe of resistance (worn)
 w - the +2 hat "Anororchowk" (worn) {rF- rN+++ Regen+}
   (You found it on level 4 of the Dungeon)

   It makes you vulnerable to fire.
   It renders you almost immune to negative energy.
   It increases your rate of regeneration.
 y - a +0 helmet
 B - a +2 leather armour of poison resistance
 I - a +2 buckler (worn)
 L - a +0 chain mail of fire resistance
 P - a +1 pair of gloves of strength (worn)
Jewellery
 d - an uncursed amulet of regeneration
 i - a +4 amulet of reflection (around neck)
 n - a +3 ring of dexterity {unknown}
 C - a +4 ring of protection {unknown}
 F - a +5 ring of protection {unknown}
 J - a cursed ring of teleportation {unknown}
 M - an uncursed amulet of the gourmand
Wands
 v - a wand of clouds (3)
 x - a wand of enslavement (12)
 D - a wand of disintegration (9)
 K - a wand of iceblast (6)
Scrolls
 e - 4 scrolls of fog
 o - 2 scrolls of enchant weapon
 t - 3 scrolls of amnesia
 H - 2 scrolls of teleportation
 S - a scroll of vulnerability
Potions
 g - 4 potions of cancellation
 h - a potion of resistance {unknown}
 q - a potion of mutation {unknown}
 s - 3 potions of heal wounds
 u - a potion of haste {unknown}
 z - 5 potions of agility
 A - 2 potions of might {unknown}
 E - 5 potions of curing
 G - a potion of flight {unknown}
 Q - 2 potions of brilliance {unknown}
Comestibles
 c - 13 rations


   Skills:
 - Level 3.5 Fighting
 - Level 5.0 Dodging
 - Level 2.1 Stealth
 - Level 6.3 Shields
 - Level 2.0 Spellcasting
 - Level 2.6 Conjurations
 - Level 3.1 Charms
 + Level 9.6 Ice Magic
 - Level 4.1 Evocations


You had 6 spell levels left.
You knew the following spells:

 Your Spells              Type           Power        Failure   Level  Hunger
a - Freeze                Ice            ####         1%          1    #......
b - Throw Frost           Conj/Ice       ###...       2%          2    ###....
c - Ozocubu's Armour      Chrm/Ice       ###.....     4%          3    ###....


Dungeon Overview and Level Annotations

Branches:
Dungeon (8/15)             Temple (1/1) D:4
   Lair: D:8-11

Altars:
Ashenzari
Cheibriados
Dithmenos
Fedhas
Gozag
Hepliaklqana
Kikubaaqudgha
Makhleb
Nemelex Xobeh
Okawaru
Qazlal
Ru
Sif Muna
Trog
Uskayaw
Vehumet
Wu Jian
Yredelemnul
The Shining One

Shops:
D:8 ?

Annotations:
D:6 small vault (trans rock), exclusion: ice beast
D:8 Erica


Message History

Psyche flickers and vanishes!
Deactivating autopickup; reactivate with Ctrl-A.
You start removing your armour.
You continue taking off the +2 hat "Anororchowk" {rF- rN+++ Regen+}.
Something hits you.
Keep disrobing? [Y]es or [N]o only, please.
Keep disrobing?
The fiery explosion engulfs you! Makhleb accepts your kill.
Reactivating autopickup.
Your Ice Magic skill increases to level 9!
You feel a bit more experienced.
You hear a shout! x2
You continue taking off the +2 hat "Anororchowk" {rF- rN+++ Regen+}.
You are engulfed in blazing flames.
* * * LOW HITPOINT WARNING * * *
You continue taking off the +2 hat "Anororchowk" {rF- rN+++ Regen+}.
You are engulfed in blazing flames.
You die...

#.###### #.#....... #..
#.#....... ###.
###.#.......# ##
#.§.#.......#
#§###.......# ##§#
######## #.########§§#
#########......##§§##
.......#######..@§##
######.#### ##...#
..####....######..#####
#..............<.<....#
##########..####)####..#
##.....(# . ########


There were no monsters in sight!

Vanquished Creatures
  Pikel (D:7)
  Psyche (D:8)
  A sky beast (D:7)
  An orc warrior (D:7)
  An ice beast (D:8)
  3 slaves (D:7)
  4 ogres
  A centaur (D:8)
  2 bullfrogs
  4 scorpions
  3 howler monkeys
  5 wights
  2 crimson imps (D:7)
  A bullfrog zombie (D:7)
  A centaur zombie (D:8)
  A hound (D:4)
  2 jellies
  Crazy Yiuf (D:5)
  4 worker ants
  Ijyb (D:4)
  4 iguanas
  An orc wizard (D:4)
  A hound zombie (D:6)
  4 hound skeletons
  3 gnolls
  A howler monkey zombie (D:8)
  3 adders
  A shadow imp (D:8)
  An ooze (D:7)
  2 worms (D:3)
  A dart slug (D:2)
  3 leopard geckos
  20 orcs
  7 giant cockroaches
  7 goblins
  3 hobgoblins
  7 jackals
  11 kobolds
  5 quokkas
  7 bats
  2 frilled lizards
  4 rats
  A fungus (D:1)
139 creatures vanquished.

Vanquished Creatures (others)
  A wizard (D:4)
  An orc (D:7)
  A quokka (D:7)
  A plant (D:3)
4 creatures vanquished.

Grand Total: 143 creatures vanquished

Notes
Turn   | Place    | Note
-------+----------+-------------------------------------------
     0 | D:1      | tilp the Merfolk Ice Elementalist began the quest for the Orb.
     0 | D:1      | Reached XP level 1. HP: 13/13 MP: 3/3
   330 | D:1      | Reached XP level 2. HP: 19/19 MP: 1/5
   334 | D:1      | Learned a level 2 spell: Throw Frost
   346 | D:1      | Reached skill level 4 in Ice Magic
  1124 | D:2      | Reached XP level 3. HP: 19/24 MP: 2/6
  1310 | D:2      | Learned a level 3 spell: Ozocubu's Armour
  1560 | D:2      | Found a sparkling altar of Nemelex Xobeh.
  2194 | D:3      | Reached skill level 5 in Ice Magic
  2925 | D:3      | Reached XP level 4. HP: 25/30 MP: 3/7
  3661 | D:3      | Found a faded altar of an unknown god.
  3775 | D:4      | Reached skill level 6 in Ice Magic
  3857 | D:4      | Reached XP level 5. HP: 29/35 MP: 0/8
  4014 | D:4      | Reached skill level 7 in Ice Magic
  4097 | D:4      | Reached skill level 1 in Fighting
  4097 | D:4      | Reached XP level 6. HP: 41/44 MP: 1/9
  4100 | D:4      | Got a dazzling hat
  4106 | D:4      | Identified the +2 hat "Anororchowk" {rF- rN+++ Regen+} (You found it on level 4 of the Dungeon)
  4108 | D:4      | Noticed Ijyb
  4231 | D:4      | Killed Ijyb
  4265 | D:4      | Found a staircase to the Ecumenical Temple.
  4286 | Temple   | Entered the Ecumenical Temple
  4950 | D:4      | Found a bloodstained altar of Trog.
  4951 | D:4      | Noticed a wizard
  4956 | D:4      | Killed a wizard
  5190 | D:5      | Entered Level 5 of the Dungeon
  5197 | D:5      | Reached XP level 7. HP: 52/52 MP: 4/10
  5354 | D:5      | Found a sacrificial altar of Ru.
  5622 | D:5      | Found a blossoming altar of Fedhas.
  5674 | D:5      | Reached skill level 5 in Dodging
  5767 | D:5      | Found a runed door.
  5771 | D:5      | Noticed Crazy Yiuf
  5776 | D:5      | Killed Crazy Yiuf
  5776 | D:5      | Reached skill level 1 in Charms
  6219 | D:6      | Reached skill level 1 in Shields
  7027 | D:7      | Reached XP level 8. HP: 58/58 MP: 8/11
  7231 | D:7      | Noticed Pikel
  7245 | D:7      | Killed Pikel
  7335 | D:7      | Reached skill level 1 in Conjurations
  7585 | D:7      | Reached skill level 1 in Evocations
  7652 | D:7      | Reached XP level 9. HP: 64/64 MP: 9/12
  8410 | D:7      | Found a burning altar of Makhleb.
  8430 | D:7      | Became a worshipper of Makhleb the Destroyer
  8831 | D:8      | Found Ufoul's Magic Scroll Shoppe.
  8839 | D:8      | Bought a scroll of vulnerability for 75 gold pieces
  8839 | D:8      | Bought a scroll of teleportation for 30 gold pieces
  8839 | D:8      | Bought a scroll of identify for 20 gold pieces
  8839 | D:8      | Bought a scroll of teleportation for 30 gold pieces
  8839 | D:8      | Bought a scroll of immolation for 35 gold pieces
  9033 | D:8      | Reached skill level 8 in Ice Magic
  9483 | D:8      | Noticed Erica
  9544 | D:8      | Noticed Psyche
  9561 | D:8      | Killed Psyche
  9561 | D:8      | Reached skill level 9 in Ice Magic
  9563 | D:8      | Engulfed by a cloud of flame

Vault maps used:
D:1:      shiori_arrival_oz, minivault_27, minmay_gold_behind_fungi,
          wad_floor_pattern_1
D:2:      nemelex_spade_bored_becter
D:3:      chequers_ecumenical_altar_island, serial_bayou_lagoon_a
D:4:      minmay_temple_entry_mist, first_ration, trog_wizard, uniq_ijyb
D:5:      fedhas_altar_1, nicolae_ru_awakened_eye, uniq_crazy_yiuf_cottage
D:6:      lightli_corner_chamber
D:7:      lemuel_coloured_pillars_altar, uniq_pikel
D:8:      gammafunk_temple_overflow_wave, serial_shops, shop, grunt_ogre_cave,
          uniq_erica, uniq_psyche
Temple:   regret_index_temple_generic_petals

Skill      XL: |  1  2  3  4  5  6  7  8  9 |
---------------+----------------------------+-----
Ice Magic      | 4 5 6 7 9 |  9.6
Fighting       | 1 3 |  3.5
Dodging        | 4 5 |  5.0
Charms         | 3 |  3.1
Shields        | 2 6 |  6.3
Conjurations   | 2 |  2.6
Evocations     | 1 4 |  4.1
Stealth        | |  2.1
Spellcasting   | |  2.0

Action                   |  1- 3 |  4- 6 |  7- 9 || total
-------------------------+-------+-------+-------++-------
Melee: Hand axe          |    69 |    40 |   359 ||   468
       Dagger            |     9 |       |       ||     9
Throw: Stone             |     7 |    16 |     9 ||    32
 Cast: Freeze            |    65 |    61 |   117 ||   243
       Ozocubu's Armour  |     4 |     9 |    31 ||    44
       Throw Frost       |       |       |     5 ||     5
Evoke: Wand              |       |     1 |     4 ||     5
  Use: Scroll            |     4 |     3 |     8 ||    15
 Stab: Sleeping          |     5 |     2 |     3 ||    10
  Eat: Chunk             |     8 |     9 |    12 ||    29
       Ration            |       |       |     3 ||     3
Armor: Robe              |    34 |    29 |    92 ||   155
Dodge: Dodged            |    65 |    40 |   263 ||   368
Block: Other             |    17 |    17 |    25 ||    59
       Reflection        |     3 |       |     3 ||     6
       Buckler           |       |       |   168 ||   168

Table legend:
 A = Spawn XP
 B = Non-spawn XP
 C = Spawn XP percentage of total XP
 D = Spawn monster count
 E = Non-spawn monster count
 F = Spawn count percentage of total count
 G = Total turns spent on level
                    A         B        C        D         E        F      G
               +---------+---------+-------+---------+---------+-------+---------
         Total |       0 |    4114 |   0.0 |       0 |     136 |   0.0 |  9563
               +---------+---------+-------+---------+---------+-------+---------
           D:1 |       0 |      29 |   0.0 |       0 |      17 |   0.0 |  1098
           D:2 |       0 |      35 |   0.0 |       0 |      20 |   0.0 |  1178
           D:3 |       0 |      55 |   0.0 |       0 |      18 |   0.0 |  1495
           D:4 |       0 |     474 |   0.0 |       0 |      17 |   0.0 |  1198
           D:5 |       0 |     204 |   0.0 |       0 |       4 |   0.0 |   708
           D:6 |       0 |     320 |   0.0 |       0 |       7 |   0.0 |  1026
           D:7 |       0 |    1753 |   0.0 |       0 |      34 |   0.0 |  1775
           D:8 |       0 |    1244 |   0.0 |       0 |      19 |   0.0 |   864
               +---------+---------+-------+---------+---------+-------+---------
